 Dungeon Crawl Stone Soup version 0.29-a0-233-g1125b37a9b (webtiles) character file.

Game seed: 15713012616025925477

45191 siradein the Lord of Darkness (level 14, -12/124 HPs)
             Began as a Deep Dwarf Necromancer on Mar 1, 2022.
             Was the Champion of Kikubaaqudgha.
             Hit by a silver javelin thrown by a minotaur (23 damage)
             ... in a Gauntlet on Mar 2, 2022.
             The game lasted 01:59:59 (31862 turns).

siradein the Lord of Darkness (DDNe)               Turns: 31862, Time: 01:59:59

Health: -12/124    AC: 12    Str: 16 (17) XL:     14   Next: 0%
Magic:  25/25      EV: 13    Int: 24      God:    Kikubaaqudgha [******]
Gold:   577        SH:  0    Dex:  6      Spells: 1/28 levels left

rFire   + + +      SeeInvis .   b - staff of death
rCold   . . .      Faith    .   O - +0 buckler
rNeg    + + +      Spirit   .   X - +0 steam dragon scales
rPois   +          Reflect  .   G - +0 helmet of Birdsong {Will++ Dex-4}
rElec   .          Harm     .   Q - +1 cloak {rCorr}
rCorr   +          Rampage  .   S - +0 pair of gloves
Will    +++++      NoTele   +   a - +0 pair of boots
Stlth   +.........              W - amulet of magic regeneration
HPRegen 0.00/turn               y - ring "Dejiu" {Fly Will+ Str+4 Int+2}
MPRegen 0.59/turn               m - ring of Foitudac {rPois rF+++ rN+ Int+2 Dex-3}

@: confused, ambrosia-drunk, flying
A: damage resistance, heal wounds, negative energy resistance 1, sense
surroundings 2, no regeneration
a: Heal Wounds, Renounce Religion, Receive Corpses, Torment


You were in a Gauntlet.
You worshipped Kikubaaqudgha.
Kikubaaqudgha was exalted by your worship.
You visited 3 branches of the dungeon, and saw 18 of its levels.
You also visited: Sewer and Gauntlet.

You collected 1012 gold pieces.
You spent 435 gold pieces at shops.

Inventory:

Hand Weapons
 C - a +0 mace of protection
 Z - the +8 great sword of Dismay {speed, Str+3 Int+5}
   (You found it in a Gauntlet)

   Attacks with this weapon are significantly faster.
   Str:       It affects your strength (+3).
   Int:       It affects your intelligence (+5).
Missiles
 T - a throwing net
Armour
 a - a +0 pair of boots (worn)
 G - the +0 helmet of Birdsong (worn) {Will++ Dex-4}
   (You found it on level 9 of the Dungeon)

   Dex:       It affects your dexterity (-4).
   Will:      It greatly increases your willpower.
 O - a +0 buckler (worn)
 Q - a +1 cloak of preservation (worn)
 R - a +2 chain mail of poison resistance
 S - a +0 pair of gloves (worn)
 X - +0 steam dragon scales (worn)
Magical Staves
 b - a staff of death (weapon)
Jewellery
 g - a ring of resist corrosion
 h - a +4 ring of protection
 l - an amulet of faith
 m - the ring of Foitudac (right hand) {rPois rF+++ rN+ Int+2 Dex-3}
   (You found it in a Gauntlet)

   [ring of positive energy]

   Int:       It affects your intelligence (+2).
   Dex:       It affects your dexterity (-3).
   rF:        It renders you almost immune to fire.
   rPois:     It protects you from poison.
   rN:        It protects you from negative energy.
 y - the ring "Dejiu" (left hand) {Fly Will+ Str+4 Int+2}
   (You bought it in a shop on level 6 of the Dungeon)

   [ring of flight]

   Str:       It affects your strength (+4).
   Int:       It affects your intelligence (+2).
   Fly:       It grants you flight.
   Will:      It increases your willpower.
 B - a ring of wizardry
 E - a ring of positive energy
 J - the ring "Taddiol" {rPois SInv}
   (You bought it in a shop on level 9 of the Dungeon)

   [ring of see invisible]

   rPois:     It protects you from poison.
   SInv:      It lets you see invisible.
 V - an amulet of reflection
 W - an amulet of magic regeneration (around neck)
 Y - a ring of fire
Wands
 j - a wand of flame (69)
 s - a wand of iceblast (13)
 z - a wand of polymorph (8)
 D - a wand of charming (9)
 N - a wand of digging (4)
 U - a wand of acid (4)
Scrolls
 d - 5 scrolls of fear
 e - a scroll of brand weapon
 i - 10 scrolls of teleportation
 k - 6 scrolls of amnesia
 n - a scroll of silence
 o - 5 scrolls of blinking
 p - 5 scrolls of enchant armour
 q - 4 scrolls of enchant weapon {unknown}
 t - 3 scrolls of magic mapping
 u - 4 scrolls of vulnerability {unknown}
 v - 3 scrolls of fog {unknown}
 x - 2 scrolls of torment {unknown}
 A - 2 scrolls of summoning {unknown}
 L - 2 scrolls of immolation {unknown}
Potions
 c - 6 potions of might
 f - 2 potions of mutation
 w - a potion of haste {unknown}
 F - 2 potions of brilliance {unknown}
 H - 7 potions of ambrosia
 I - a potion of degeneration {unknown}
 K - a potion of curing {unknown}
 M - 3 potions of cancellation {unknown}
 P - a potion of berserk rage {unknown}


   Skills:
 + Level 7.7 Fighting
 + Level 6.4 Maces & Flails
 + Level 7.1 Armour
 + Level 9.6 Dodging
 - Level 2.4 Stealth
 + Level 1.4 Shields
 + Level 7.8 Spellcasting
 * Level 14.9 Necromancy
 + Level 1.2 Ice Magic
 + Level 9.9 Earth Magic
 + Level 11.1 Evocations


You had one spell level left.
You knew the following spells:

 Your Spells              Type           Power      Damage    Failure   Level
a - Pain                  Necr           100%       1d9       1%          1
b - Vampiric Draining     Necr           88%        2d12      1%          3
c - Borgnjor's Vile Clut  Necr/Erth      40%        N/A       1%          5
d - Dispel Undead         Necr           88%        3d28      1%          4
e - Simulacrum            Ice/Necr       32%        N/A       43%         6
f - Infestation           Necr           44%        N/A       77%         8

Your spell library contained the following spells:

 Spells                   Type           Power      Damage    Failure   Level
 Animate Skeleton         Necr           100%       N/A       1%          1
 Shock                    Conj/Air       36%        1d5       9%          1
 Sting                    Tmut/Pois      36%        1d4       9%          1
 Corpse Rot               Necr/Air       100%       N/A       1%          2
 Sublimation of Blood     Necr           88%        N/A       1%          2
 Animate Dead             Necr           44%        N/A       1%          4
 Agony                    Necr           88%        N/A       1%          5
 Excruciating Wounds      Necr           44%        N/A       1%          5
 Anguish                  Hex/Necr       30%        N/A       4%          4
 Petrify                  Tmut/Erth      33%        N/A       12%         4
 Poisonous Vapours        Pois/Air       18%        N/A       13%         2
 Inner Flame              Hex/Fire       9%         N/A       26%         3
 Portal Projectile        Hex/Tloc       18%        N/A       26%         3
 Swiftness                Air            9%         N/A       26%         3
 Hailstorm                Conj/Ice       12%        3d5       56%         4
 Ice Form                 Ice/Tmut       12%        N/A       56%         4
 Airstrike                Air            4%         N/A       65%         4
 Cause Fear               Hex            4%         N/A       65%         4
 Olgreb's Toxic Radiance  Pois           9%         N/A       65%         4
 Borgnjor's Revivificati  Necr           44%        N/A       77%         8
 Blade Hands              Tmut           4%         N/A       94%         5
 Irradiate                Conj/Tmut      4%         3d15      94%         5
 Summon Forest            Summ/Tloc      4%         N/A       94%         5
 Haunt                    Necr/Summ      30%        N/A       98%         7
 Eringya's Noxious Bog    Tmut/Pois      4%         N/A       100%        6
 Monstrous Menagerie      Summ           4%         N/A       100%        7
 Summon Hydra             Summ           4%         N/A       100%        7
 Discord                  Hex            4%         N/A       100%        8
 Necromutation            Tmut/Necr      30%        N/A       100%        8
 Death's Door             Necr           44%        N/A       100%        9
 Shatter                  Erth           27%        3d23*     100%        9


Dungeon Overview and Level Annotations

Branches:
Dungeon (11/15)            Temple (1/1) D:4            Lair (6/6) D:10
  Swamp (0/4) Lair:2       Spider (0/4) Lair:4        Slime (0/5) Lair:5
  Sewer (visited)         Gauntlet (1/1)
    Orc: D:9-12

Altars:
Ashenzari
Cheibriados
Dithmenos
Elyvilon
Fedhas
Gozag
Hepliaklqana
Kikubaaqudgha
Makhleb
Nemelex Xobeh
Okawaru
Qazlal
Ru
Sif Muna
Trog
Uskayaw
Vehumet
Wu Jian
Xom
Yredelemnul
Zin
The Shining One

Shops:
D:6 *   D:9 *

Annotations:
D:10 Urug
Lair:2 2 transporters Gauntlet 4 transporters


Innate Abilities, Weirdness & Mutations

You are resistant to damage.
You can heal yourself by infusing magical energy.
You resist negative energy. (rN+)
You passively map the area around you.
You do not regenerate.


Message History

Aim: a minotaur, wielding the +10 zealot's sword {holy, *Rage rN+ EV+3}, wearing a +0 plate armour and quivering silver javelins (unusually resistant, 100% to hit)
You feel a surge of power!
Zombie hands grab the minotaur.
The zombie hands constrict the minotaur!
The minotaur struggles to escape constriction.
The zombie hands lose their grip on something.
You start waiting.
A minotaur is nearby!
Casting: Borgnjor's Vile Clutch (mildly dangerous; 1% risk of failure)
Confirm with . or Enter, or press ? or * to list all spells.
Aiming: Borgnjor's Vile Clutch (mildly dangerous; 1% risk of failure)
Press: ? - help, Shift-Dir - straight line, f/p - minotaur
Aim: a minotaur, wielding the +10 zealot's sword {holy, *Rage rN+ EV+3}, wearing a +0 plate armour and quivering silver javelins (lightly wounded, unusually resistant, 100% to hit)
You feel a surge of power!
Zombie hands grab the minotaur.
The zombie hands constrict the minotaur!
The minotaur throws a silver javelin.
The silver javelin closely misses you.
The zombie hands lose their grip on something.
Casting: Borgnjor's Vile Clutch (mildly dangerous; 1% risk of failure)
Confirm with . or Enter, or press ? or * to list all spells.
Aiming: Borgnjor's Vile Clutch (mildly dangerous; 1% risk of failure)
Press: ? - help, Shift-Dir - straight line, f/p - minotaur
Aim: a minotaur, wielding the +10 zealot's sword {holy, *Rage rN+ EV+3}, wearing a +0 plate armour and quivering silver javelins (moderately wounded, unusually resistant, 100% to hit)
You feel a surge of power!
Zombie hands grab the minotaur.
The zombie hands constrict the minotaur!
The minotaur throws a silver javelin.
The silver javelin pierces through you!!!
* * * LOW HITPOINT WARNING * * *
x2 The zombie hands constrict the minotaur!
The minotaur struggles to escape constriction.
Okay, then.
The zombie hands constrict the minotaur.
The minotaur escapes!
You are confused.
You feel invigorated.
The minotaur throws a silver javelin.
The silver javelin pierces through you!!
You die...
Kikubaaqudgha rasps: "You have failed me!
Welcome... death!"

#≈.#.##.#..#.≈##
≈≈.#...†#..#.≈≈#
#≈.###)''..#.≈##
##.#..#.#..#.## ###
#≈.#..#©#..#..###≈##
≈≈.#########...#≈≈≈#
#≈....#©..8#...#...# *
##..8.#...©#.8.#...# *
#≈....#©..8#.⌠.#@8.########
≈≈.#########.8.#.©.#.H....#
#≈.#.##.##.#...#.8H#.#.##....#
*
##.##..#..##...#.©.#.#.#*.##.#
* #≈.##.##.###.8.#.8.#.#.# .⌠*
# * ≈≈.#.#^©#..#.∩.#.©...#.#
∩.# * *
#≈.###.##.##.8.#.8.#.#.# .H#*
##.#..#..#"#...#.©.#.#.# ###
#≈.#.##©##.#...#.8.#.#.# *


You could see a minotaur (resistant).

Vanquished Creatures
  Gastronok (Lair:2)
  5 hydras
  A boulder beetle (D:11)
  Erica (D:8)
  A catoblepas (Gauntlet)
  2 two-headed ogres
  A wretched star (Gauntlet)
  An obsidian statue (Gauntlet)
  A phantasmal warrior (D:11)
  An oklob plant (D:10)
  5 elephants
  3 black mambas
  A torpor snail (Lair:2)
  A molten gargoyle (Gauntlet)
  13 cane toads
  2 gargoyles
  An unseen horror (D:8)
  A rime drake (Lair:2)
  12 komodo dragons
  A freezing wraith (D:11)
  A queen bee (Lair:4)
  3 meliai (Lair:4)
  5 polar bears
  2 hornets (D:9)
  16 blink frogs
  3 slime creatures (Gauntlet)
  Sigmund (D:3)
  A wraith (D:10)
  43 yaks
  4 wyverns
  2 basilisks (Lair:3)
  2 small abominations (Gauntlet)
  3 vampire mosquitoes (D:10)
  A neqoxec (Gauntlet)
  Menkaure (D:4)
  A steam dragon (Lair:4)
  5 swamp worms
  11 water moccasins
  6 orc warriors
  7 black bears
  An ice beast (D:4)
  2 sky beasts
  An ogre (D:6)
  6 centaurs
  26 wolves
  A phantom (D:5)
  5 kobold brigands
  Blork the orc (D:5)
  17 bullfrogs
  2 necrophages
  3 scorpions
  37 killer bees
  2 electric eels
  2 howler monkeys
  4 orc priests
  9 hounds
  5 jellies
  2 gnoll shamans
  2 iguanas
  Jessica (D:3)
  Ijyb (D:3)
  7 orc wizards
  15 gnolls
  14 adders
  2 shadow imps
  3 white imps
  2 ufetubi
  7 worms
  A dart slug (D:5)
  26 orcs
  3 bats
  12 endoplasms
  14 giant cockroaches
  6 goblins
  7 hobgoblins
  2 jackals (D:1)
  23 kobolds
  9 quokkas
  13 ball pythons
  10 frilled lizards
  5 rats
484 creatures vanquished.

Vanquished Creatures (others)
  26 fungi
  47 plants
73 creatures vanquished.

Grand Total: 557 creatures vanquished

Notes
Turn   | Place    | Note
-------+----------+-------------------------------------------
     0 | D:1      | siradein the Deep Dwarf Necromancer began the quest for the
                  | Orb.
     0 | D:1      | Reached XP level 1. HP: 15/15 MP: 3/3
   340 | D:1      | Reached XP level 2. HP: 22/22 MP: 1/4
   386 | D:1      | Found a faded altar of an unknown god.
   433 | D:1      | Reached skill level 5 in Necromancy
  1283 | D:2      | Reached XP level 3. HP: 26/28 MP: 0/5
  1420 | D:2      | Learned a level 3 spell: Vampiric Draining
  1677 | D:2      | Reached skill level 6 in Necromancy
  2365 | D:3      | Noticed Ijyb
  2475 | D:3      | Reached XP level 4. HP: 30/36 MP: 1/6
  2682 | D:3      | Noticed Jessica
  2690 | D:3      | Killed Jessica
  2782 | D:4      | Found a staircase to the Ecumenical Temple.
  2824 | Temple   | Entered the Ecumenical Temple
  2908 | Temple   | Became a worshipper of Kikubaaqudgha
  2948 | Temple   | Reached XP level 5. HP: 41/42 MP: 1/8
  3142 | Temple   | Reached skill level 7 in Necromancy
  3454 | D:4      | Reached XP level 6. HP: 41/49 MP: 3/10
  3595 | D:4      | Noticed Menkaure
  3638 | D:3      | Reached skill level 1 in Evocations
  3750 | D:3      | Killed Ijyb
  3879 | D:3      | Noticed Sigmund
  3892 | D:3      | Killed Sigmund
  3893 | D:3      | Reached skill level 1 in Fighting
  3893 | D:3      | Reached skill level 8 in Necromancy
  3893 | D:3      | Reached XP level 7. HP: 34/57 MP: 6/11
  4345 | D:4      | Reached * piety under Kikubaaqudgha
  4345 | D:4      | Received a gift from Kikubaaqudgha
  4412 | D:4      | Got Saunwagi's Disquisition on Supportive Earth
  4671 | D:5      | Entered Level 5 of the Dungeon
  4748 | D:5      | Noticed Blork the orc
  4756 | D:5      | Killed Blork the orc
  5658 | D:5      | Reached ** piety under Kikubaaqudgha
  5784 | D:4      | Reached XP level 8. HP: 68/68 MP: 3/13
  5960 | D:5      | Reached skill level 9 in Necromancy
  6772 | D:6      | Found Enamoode's Assorted Antiques.
  6782 | D:6      | Bought a fine ivory ring for 110 gold pieces
  6782 | D:6      | Identified the ring "Dejiu" {Fly Will+ Str+4 Int+2} (You
                  | bought it in a shop on level 6 of the Dungeon)
  6817 | D:6      | Found a glowing drain.
  6837 | Sewer    | Entered a sewer
  7304 | Sewer    | Reached *** piety under Kikubaaqudgha
  7304 | Sewer    | Received a gift from Kikubaaqudgha
  7313 | Sewer    | Learned a level 5 spell: Borgnjor's Vile Clutch
  7318 | Sewer    | Learned a level 4 spell: Dispel Undead
  7621 | D:6      | Reached skill level 1 in Earth Magic
  8227 | D:4      | Killed Menkaure
  8228 | D:4      | Reached skill level 5 in Evocations
  8228 | D:4      | Gained mutation: You passively map the area around you.
                  | [Deep Dwarf growth]
  8228 | D:4      | Reached XP level 9. HP: 76/76 MP: 6/15
  8632 | D:6      | Found a sacrificial altar of Ru.
  8634 | D:6      | Found an ornate altar of the Wu Jian Council.
  8649 | D:6      | Found a radiant altar of Vehumet.
  8649 | D:6      | Found a snail-covered altar of Cheibriados.
  8650 | D:6      | Found a sparkling altar of Nemelex Xobeh.
  8650 | D:6      | Found a glowing silver altar of Zin.
  9027 | D:6      | Reached skill level 10 in Necromancy
  9160 | D:7      | Reached skill level 5 in Dodging
 10326 | D:7      | Reached **** piety under Kikubaaqudgha
 10605 | D:8      | Reached skill level 5 in Spellcasting
 11095 | D:8      | Reached skill level 11 in Necromancy
 11095 | D:8      | Reached XP level 10. HP: 78/87 MP: 2/17
 12066 | D:8      | Noticed Erica
 12231 | D:9      | Identified the +0 helmet of Birdsong {Will++ Dex-4}
 12395 | D:9      | Found Gaunim's Assorted Antiques.
 12679 | D:9      | Reached skill level 1 in Armour
 12679 | D:9      | Reached skill level 5 in Earth Magic
 12773 | D:9      | Reached skill level 1 in Maces & Flails
 12951 | D:9      | Bought a heavily runed gossamer ring for 130 gold pieces
 12951 | D:9      | Identified the ring "Taddiol" {rPois SInv} (You bought it
                  | in a shop on level 9 of the Dungeon)
 12993 | D:9      | Found a shadowy altar of Dithmenos.
 12993 | D:9      | Noticed a two-headed ogre
 13003 | D:9      | Killed a two-headed ogre
 13004 | D:9      | Reached skill level 5 in Fighting
 13286 | D:9      | Identified a scroll of acquirement
 13784 | D:10     | Entered Level 10 of the Dungeon
 13795 | D:10     | Noticed an oklob plant
 13802 | D:10     | Noticed a two-headed ogre
 13818 | D:10     | Killed a two-headed ogre
 14070 | D:10     | Reached XP level 11. HP: 34/96 MP: 1/19
 14209 | D:10     | Found a staircase to the Lair.
 14529 | D:9      | Reached skill level 12 in Necromancy
 14785 | D:10     | Noticed Urug
 15080 | D:8      | Killed Erica
 15383 | D:8      | Found a shimmering altar of Xom.
 15744 | D:9      | Bought a glowing cloak for 195 gold pieces
 15840 | D:10     | Reached ***** piety under Kikubaaqudgha
 16854 | D:11     | Noticed a phantasmal warrior
 16875 | D:11     | Killed a phantasmal warrior
 17108 | D:10     | Killed an oklob plant
 17241 | Lair:1   | Entered Level 1 of the Lair of Beasts
 18276 | Lair:1   | Acquired a staff of death
 19739 | Lair:2   | Found a transporter.
 19778 | Lair:2   | Noticed Gastronok
 19817 | Lair:2   | Killed Gastronok
 19818 | Lair:2   | Reached XP level 12. HP: 105/105 MP: 6/21
 19917 | Lair:2   | Reached skill level 13 in Necromancy
 20731 | Lair:2   | Found a transporter.
 21164 | Lair:2   | Identified the +0 chain mail of the Manifold Quests
                  | {Regen+}
 21512 | Lair:2   | Found a staircase to the Swamp.
 21884 | D:11     | Noticed a boulder beetle
 21898 | D:11     | Killed a boulder beetle
 21899 | D:11     | Reached skill level 5 in Armour
 22686 | D:11     | Noticed a death knight
 23865 | Lair:3   | Reached skill level 5 in Maces & Flails
 24673 | Lair:2   | Reached skill level 10 in Evocations
 25607 | Lair:3   | Reached XP level 13. HP: 108/115 MP: 10/23
 25808 | Lair:3   | Reached skill level 14 in Necromancy
 28949 | Lair:4   | Found a hole to the Spider Nest.
 30290 | Lair:5   | Learned a level 6 spell: Simulacrum
 30360 | Lair:5   | Reached ****** piety under Kikubaaqudgha
 30391 | Lair:5   | Received a gift from Kikubaaqudgha
 30401 | Lair:5   | Learned a level 8 spell: Infestation
 30615 | Lair:5   | Found a staircase to the Slime Pits.
 31066 | Lair:6   | Entered Level 6 of the Lair of Beasts
 31098 | Lair:6   | Found a gate leading to a gauntlet.
 31107 | Gauntlet | Entered a Gauntlet
 31107 | Gauntlet | Found a transporter.
 31121 | Gauntlet | Found a transporter.
 31121 | Gauntlet | Found a transporter.
 31122 | Gauntlet | Found a transporter.
 31128 | Gauntlet | Found a runed translucent gate.
 31128 | Gauntlet | Found a runed translucent gate.
 31128 | Gauntlet | Found a runed translucent gate.
 31130 | Gauntlet | Found a transporter.
 31133 | Gauntlet | Found a transporter.
 31134 | Gauntlet | Found a transporter.
 31142 | Gauntlet | Found a transporter.
 31145 | Gauntlet | Found a transporter.
 31146 | Gauntlet | Found a transporter.
 31154 | Gauntlet | Found a transporter.
 31157 | Gauntlet | Found a transporter.
 31158 | Gauntlet | Found a transporter.
 31166 | Gauntlet | Found a transporter.
 31323 | Gauntlet | Reached skill level 1 in Shields
 31361 | Gauntlet | Identified the +8 great sword of Dismay {speed, Str+3
                  | Int+5}
 31455 | Gauntlet | Reached skill level 1 in Ice Magic
 31784 | Gauntlet | Identified the ring of Foitudac {rPois rF+++ rN+ Int+2
                  | Dex-3}
 31808 | Gauntlet | Gained mutation: You resist negative energy. (rN+) [Deep
                  | Dwarf growth]
 31808 | Gauntlet | Reached XP level 14. HP: 41/124 MP: 18/25
 31858 | Gauntlet | HP: 3/124 [minotaur/silver javelin (4)]
 31862 | Gauntlet | Hit by a silver javelin thrown by a minotaur

Illustrated notes

Levels and vault maps discovered:
D:1:      dpeg_arrival_circle_labyrinth_c, layout_basic,
          dreamdust_ecumenical_altar_grove
D:2:      layout_basic
D:3:      layout_basic, chequers_serial_rivers_room_b, uniq_sigmund,
          uniq_jessica, uniq_ijyb
D:4:      layout_layer_cave, minmay_temple_entry_gardened_gates,
          hangedman_abyss_or_decor_lesser_grid, cheibrodos_gnoll_hut,
          uniq_menkaure
D:5:      layout_rooms, uniq_blork_the_orc
D:6:      layout_gridville, grunt_temple_overflow_open, serial_shops, shop,
          cheibrodos_sewer_entry_bend
D:7:      layout_loops_cross
D:8:      layout_cave_pools, minmay_ruined_shrine, uniq_erica
D:9:      layout_small_grid, grunt_dithmenos_smoke, serial_shops, shop,
          hangedman_decor_riveting
D:10:     layout_small_grid, dpeg_oklobed_lair, nicolae_twisting_strands,
          minivault_27, uniq_urug
D:11:     layout_basic, serial_shops, kennysheep_little_box,
          kennysheep_cluttered_room
Temple:   eino_wide_crystal_templ
Lair:1:   layout_gridlike, beast_lair_carwin_8, serial_bayou_shore_a,
          grunt_megastairs_3
Lair:2:   gammafunk_cloud_chamber, layout_cave_pods, minmay_swamp_entry_worms,
          uniq_gastronok
Lair:3:   nzn_winding_woodlands_medium [nzn_winding_woodlands_5x5_open_star,
          nzn_winding_woodlands_5x15_jagged,
          nzn_winding_woodlands_5x5_perimeter,
          nzn_winding_woodlands_5x5_checkerboard,
          nzn_winding_woodlands_center_lodge, nzn_winding_woodlands_hourglass,
          nzn_winding_woodlands_5x5_default, nzn_winding_woodlands_5x15_twine,
          nzn_winding_woodlands_5x5_cross], layout_gridlike,
          gammafunk_lair_bear_cave
Lair:4:   layout_concentric_octagons, nicolae_spider_entry_non_spiders,
          special_room [special_room_bee]
Lair:5:   layout_gridlike, nicolae_slime_entry_slimehenge,
          chequers_serial_rivers_large_a
Lair:6:   evil_forest, layout_cave_pods, gauntlet_entry_generic,
          grunt_megastairs_4
Gauntlet: gammafunk_gauntlet_77_escape_option
          [minmay_gauntlet_arena_77_double_cross,
          minmay_gauntlet_arena_77_run_for_it,
          minmay_gauntlet_arena_77_tiled_triplets,
          minmay_gauntlet_arena_77_mirror, minmay_gauntlet_arena_77_two_paths,
          dreamdust_gauntlet_exit_labyrinth]

Skill      XL: |  1  2  3  4  5  6  7  8  9 10 11 12 13 |
---------------+----------------------------------------+-----
Necromancy     | 5 6 7 8 9 11 12 13 14 | 14.9
Spellcasting   | 2 3 4 5 6 7 |  7.8
Evocations     | 2 3 5 6 7 8 10 11 | 11.1
Fighting       | 1 2 3 4 5 6 7 |  7.7
Dodging        | 3 4 5 6 7 8 9 |  9.6
Earth Magic    | 1 4 5 7 8 9 |  9.9
Armour         | 2 4 5 7 |  7.1
Maces & Flails | 2 4 5 6 |  6.4
Shields        | 1 |  1.4
Ice Magic      | 1 |  1.2
Stealth        | |  2.4

Action                   |  1- 3 |  4- 6 |  7- 9 | 10-12 | 13-15 || total
-------------------------+-------+-------+-------+-------+-------++-------
Melee: Spear             |    26 |    42 |    45 |       |       ||   113
       Dagger            |       |    20 |    38 |       |       ||    58
       Punch             |       |     2 |     1 |       |       ||     3
       Mace              |       |       |    50 |   126 |       ||   176
       Staff             |       |       |       |    33 |    27 ||    60
       Great sword       |       |       |       |       |    16 ||    16
 Cast: Pain              |    70 |    19 |   188 |    30 |     2 ||   309
       Vampiric Draining |     6 |    20 |   107 |   428 |   234 ||   795
       Dispel Undead     |       |       |     2 |    11 |       ||    13
       Borgnjor's Vile C |       |       |     3 |    15 |    51 ||    69
Invok: Receive Forbidden |       |       |       |       |     1 ||     1
  Use: Scroll            |       |       |     6 |     6 |     3 ||    15
       Potion            |       |       |       |       |     1 ||     1
Armor: Leather armour    |    16 |    52 |   172 |    80 |    50 ||   370
       Ring mail         |       |       |       |    72 |       ||    72
       Scale mail        |       |       |       |     4 |       ||     4
       Chain mail        |       |       |       |    56 |       ||    56
       Steam dragon scal |       |       |       |       |    39 ||    39
Dodge: Dodged            |    14 |    78 |   266 |   347 |   170 ||   875
Block: Buckler           |       |       |       |    60 |    83 ||   143

Table legend: (Time is in decaauts)
 A = Elapsed time spent in this place.
 B = Non-inter-level travel time spent in this place.
 C = Inter-level travel time spent in this place.
 D = Time resting spent in this place.
 E = Time spent auto-exploring this place.
 F = Levels seen in this place.
 G = Mean time per level.
                   A        B        C        D        E       F      G
               +--------+--------+--------+--------+--------+-----+--------+
         Total |  31984 |  31055 |    929 |   6404 |  17796 |  20 | 1599.2 |
       Dungeon |  17019 |  16309 |    710 |   2941 |   9705 |  11 | 1547.2 |
        Temple |    535 |    535 |      0 |    339 |     68 |   1 |  535.0 |
          Lair |  12971 |  12752 |    219 |   2852 |   7338 |   6 | 2161.8 |
         Sewer |    701 |    701 |      0 |      0 |    526 |   1 |  701.0 |
      Gauntlet |    755 |    755 |      0 |    272 |    159 |   1 |  755.0 |
               +--------+--------+--------+--------+--------+-----+--------+

Top non-repeatable levels by time:
  Lair:3: 3943 daAuts
  Lair:2: 3532 daAuts
     D:9: 2611 daAuts
  Lair:1: 2521 daAuts
  Lair:4: 2127 daAuts
     D:7: 1929 daAuts
     D:4: 1803 daAuts
    D:10: 1694 daAuts
     D:5: 1638 daAuts
     D:2: 1496 daAuts
     D:6: 1442 daAuts
    D:11: 1303 daAuts
     D:8: 1244 daAuts
     D:3: 998 daAuts
     D:1: 859 daAuts
